 Dungeon Crawl Stone Soup version 0.31-a0-836-g3ceb0a68c4 (webtiles) character file.

Game seed: 11280439807809290566

13381 quinnr the Tainter (level 12, -2/68 HPs)
             Began as a Tengu Venom Mage on Sept 26, 2023.
             Was a Believer of Vehumet.
             Slain by a dire elephant (32 damage)
             ... on level 1 of the Lair of Beasts.
             The game lasted 00:36:38 (16974 turns).

quinnr the Tainter (Tengu Venom Mage)              Turns: 16974, Time: 00:36:39

Health: -2/68      AC:  7    Str: 10    XL:     12   Next: 5%
Magic:  2/22       EV: 19    Int: 20    God:    Vehumet [**....]
Gold:   553        SH:  5    Dex: 14    Spells: 13/23 levels left

rFire   . . .        j - staff of air {!a}
rCold   + . .        s - +0 buckler
rNeg    . . .        v - +2 robe {rC+}
rPois   .            G - +1 hat
rElec   +            r - +0 cloak
rCorr   .            x - +0 pair of gloves
SInv    .            (boots unavailable)
Will    .....        (no amulet)
Stlth   +++          (no ring)
HPRegen 0.31/turn    (no ring)
MPRegen 0.18/turn

%: acrobat
@: about to teleport, flying
A: beak, talons 3, evasive flight, acrobatic
a: Renounce Religion


You were on level 1 of the Lair of Beasts.
You worshipped Vehumet.
Vehumet was pleased with you.
You visited 3 branches of the dungeon, and saw 13 of its levels.
You also visited: Sewer.

You collected 553 gold pieces.


Innate Abilities, Weirdness & Mutations

You have a beak for a mouth.
You have claws for feet.
Your magical flight helps you evade attacks. (EV +4)
You can magically evade attacks while moving or waiting.


   Skills:
 + Level 5.0 Fighting
 + Level 3.0 Staves
 + Level 9.1 Dodging
 - Level 6.0 Stealth
 - Level 4.0 Shields
 - Level 6.0 Spellcasting
 - Level 5.0 Conjurations
 - Level 0.7 Transmutations
 - Level 7.0 Air Magic
 + Level 10.5 Poison Magic
 - Level 6.0 Evocations


You had 13 spell levels left.
You knew the following spells:

 Your Spells              Type           Power      Damage    Failure   Level
m - Mephitic Cloud        Conj/Pois/Air  52%        N/A       1%          3
o - Olgreb's Toxic Radia  Pois           48%        N/A       1%          4
p - Poisonous Vapours     Pois/Air       100%       N/A       1%          2
z - Sting                 Tmut/Pois      100%       1d8       1%          1

Your spell library contained the following spells:

 Spells                   Type           Power      Damage    Failure   Level
 Sandblast                Erth           12%        2d6       14%         1
 Slow                     Hex            24%        N/A       14%         1
 Blink                    Tloc           12%        N/A       22%         2
 Confusing Touch          Hex            6%         N/A       41%         3
 Sigil of Binding         Hex            6%         N/A       41%         3
 Vampiric Draining        Necr           6%         2d6       41%         3
 Silence                  Hex/Air        15%        N/A       67%         5
 Manifold Assault         Tloc           6%         N/A       82%         4
 Passage of Golubria      Tloc           6%         N/A       82%         4
 Lehudib's Crystal Spear  Conj/Erth      8%         10d3      100%        8

Inventory:

Hand Weapons
 i - a +1 dagger of protection
Missiles
 m - 40 poisoned darts
 I - 3 throwing nets {=f}
Armour
 a - a +0 robe
 r - a +0 cloak (worn)
 s - a +0 buckler (worn)
 v - a +2 robe of cold resistance (worn)
 x - a +0 pair of gloves (worn)
 G - a +1 hat (worn)
Magical Staves
 j - a staff of air (weapon) {!a}
 y - a staff of death {!a}
Jewellery
 C - a ring of ice
Wands
 J - a wand of roots (2)
Scrolls
 c - 5 scrolls of fog {unknown}
 d - 3 scrolls of vulnerability {unknown}
 e - 4 scrolls of teleportation {@r2}
 g - a scroll of poison
 h - a scroll of noise
 u - 3 scrolls of enchant armour {unknown}
 w - 3 scrolls of blinking {unknown}
 z - 2 scrolls of amnesia {unknown}
 E - a scroll of butterflies
 K - a scroll of torment
Potions
 b - a potion of magic
 f - 2 potions of curing {@q1}
 k - 3 potions of attraction
 l - 2 potions of lignification {unknown}
 n - a potion of berserk rage {unknown}
 o - 6 potions of heal wounds {unknown}
 p - 3 potions of haste {unknown}
 q - a potion of resistance {unknown}
 t - 2 potions of enlightenment
 A - 4 potions of mutation
 B - a potion of ambrosia {unknown}
 D - 2 potions of might
 F - a potion of cancellation {unknown}

Dungeon Overview and Level Annotations

Branches:
Dungeon (10/15)            Temple (1/1) D:7            Lair (2/5) D:8
    Orc (0/2) D:9           Sewer (visited)
  Swamp: Lair:2-3    Shoals: Lair:2-3     Snake: Lair:2-3    Spider: Lair:2-3

Altars:
Ashenzari
Cheibriados
Dithmenos
Elyvilon
Fedhas
Gozag
Hepliaklqana
Kikubaaqudgha
Makhleb
Nemelex Xobeh
Okawaru
Qazlal
Sif Muna
Trog
Uskayaw
Vehumet
Wu Jian
Xom
Yredelemnul
Zin
The Shining One

Annotations:
D:3 1 runed translucent door, Crazy Yiuf
D:5 exclusion: downstairs
D:8 2 transporters, exclusion: sleepcap, lunkers's ghost, journeyman MeWn
D:9 3 runed translucent doors, bahustanut's ghost, novice OpNe
Lair:2 Maggie

................#.#..............
..................####.#.#.......
#...............#..###.###.......
###.............#.###..###.......
##......###........###..###....##
....................##.####....#P
.......##...............#.#......
......###........รท......##.......
.....####...###.@Y..##.###.......
............###....###.# #.......
.............###..P###.###.......
.............#.#........##.......
..................###............
..................####...........
..................#.##...........
...#..##.....###....##...........
......##.....####...##...#......#


You could see a dire elephant.


Message History

Casting: Mephitic Cloud (safe; 1% risk of failure)
Confirm with . or Enter, or press ? or * to list all spells.
Aiming: Mephitic Cloud (safe; 1% risk of failure)
Press: ? - help, Shift-Dir - straight line, p - dire elephant You feel a surge of power!
The ball explodes into a vile cloud!
The stinking cloud engulfs the dire elephant but does no damage.
You hear a trumpeting!
The dire elephant tramples you!
* * * LOW HITPOINT WARNING * * *
You hold your ground!
The dire elephant barely misses you.
Unknown command.
The dire elephant completely misses you. x2
The dire elephant attacks as it pursues you!
The dire elephant misses you. The dire elephant closely misses you.
The dire elephant completely misses you. x2
The dire elephant attacks as it pursues you!
You block the dire elephant's attack.
The dire elephant completely misses you.
Your magical contamination has completely faded away.
The dire elephant attacks as it pursues you!
The dire elephant completely misses you. x2
There is a stone staircase leading up, spattered with blood here.
The dire elephant barely misses you. The dire elephant trunk-slaps you.
* * * LOW HITPOINT WARNING * * *
You fly upwards.
There is a stone staircase leading down, spattered with blood here.
Unknown command.
As you read the scroll of teleportation {@r2}, it crumbles to dust.
You feel strangely unstable. The dire elephant tramples you!!
You die...

Skill      XL: |  1  2  3  4  5  6  7  8  9 10 11 12 |
---------------+-------------------------------------+-----
Air Magic      | 1 2 5 6 7 |  7.0
Poison Magic   | 4 5 6 7 8 10 | 10.5
Evocations     | 1 2 3 5 6 |  6.0
Conjurations   | 1 2 3 4 5 |  5.0
Fighting       | 5 |  5.0
Shields        | 4 |  4.0
Dodging        | 5 6 9 |  9.1
Stealth        | 6 |  6.0
Spellcasting   | 4 6 |  6.0
Staves         | 3 |  3.0
Transmutations | |  0.7

Action                     |  1- 3 |  4- 6 |  7- 9 | 10-12 || total
---------------------------+-------+-------+-------+-------++-------
  Melee: Unarmed           |     3 |       |       |       ||     3
         Kick              |     9 |    14 |    39 |    56 ||   118
         Dagger            |     5 |       |       |     8 ||    13
         Peck              |     7 |     8 |    32 |    27 ||    74
         Staff             |    32 |    43 |   118 |   102 ||   295
   Cast: Sting             |    35 |    34 |    29 |    29 ||   127
         Poisonous Vapours |    29 |    92 |   102 |   131 ||   354
         Mephitic Cloud    |       |     1 |     7 |    36 ||    44
         Olgreb's Toxic Ra |       |       |    12 |    13 ||    25
  Evoke: Wand              |       |       |       |    14 ||    14
    Use: Scroll            |       |     4 |     7 |     5 ||    16
         Potion            |       |       |     2 |     1 ||     3
   Stab: Sleeping          |     2 |     1 |     1 |       ||     4
         Confused          |       |       |     2 |    10 ||    12
 Armour: Robe              |    24 |    40 |    82 |    88 ||   234
  Dodge: Dodged            |    27 |    67 |   199 |   157 ||   450
  Block: Buckler           |       |     4 |    42 |    50 ||    96

Levels and vault maps discovered:
D:1:      dpeg_arrival_refuge, layout_rooms
D:2:      minmay_recursive_quarters, layout_loops_corners,
          shapermc_ecumenical_altar_acropolis
D:3:      layout_loops_ring, lexackson_kobold_supper, uniq_natasha,
          uniq_jessica, uniq_crazy_yiuf_cottage
D:4:      layout_cave_pods, serial_forest, infiniplex_forest_clump_tiny,
          infiniplex_forest_end_1, infiniplex_forest_fountain,
          infiniplex_forest_clump_cross, infiniplex_forest_lined_room_,
          nicolae_shop_unique_rings, skrybe_limestone_x,
          minmay_fractal_squares_gapless_5
D:5:      layout_basic, grunt_ministairs_9, nicolae_figureground_pulse
D:6:      wander_river, layout_layer_cave, portal_sewer_entry_b
D:7:      layout_loops_cross, kennysheep_little_box, minmay_temple_entry_arrows,
          uniq_prince_ribbit1
D:8:      layout_loops_corners, lemuel_round_altar, david_lair_generic,
          gammafunk_ghost_stat_death, kennysheep_flooded_box, uniq_gastronok
D:9:      layout_cave_pools, mainiacjoe_overflow_brackets,
          chequers_temple_overflow_statue_of_worship, orc_0_dummy,
          gammafunk_ghost_nasty_kobolds, lightli_minifort
D:10:     layout_basic, nicolae_ru_great_annihilating_truth
Temple:   nicolae_temple_ecumenical_triangle
Lair:1:   layout_gridlike
Lair:2:   mu_elephants_graveyard, layout_cave_pods, serial_bayou_shore_b,
          uniq_maggie

Notes
Turn   | Place    | Note
-------+----------+-------------------------------------------
     0 | D:1      | quinnr the Tengu Venom Mage began the quest for the Orb.
     0 | D:1      | Reached XP level 1. HP: 10/10 MP: 4/4
   276 | D:1      | Reached XP level 2. HP: 4/15 MP: 4/6
   383 | D:1      | Learned a level 2 spell: Poisonous Vapours
   752 | D:1      | Reached skill level 1 in Air Magic
  1092 | D:2      | Reached XP level 3. HP: 10/19 MP: 0/7
  1340 | D:2      | Learned a level 3 spell: Mephitic Cloud
  1585 | D:2      | Reached skill level 2 in Air Magic
  1654 | D:2      | Reached skill level 4 in Poison Magic
  1875 | D:2      | Reached skill level 1 in Evocations
  1942 | D:2      | Reached skill level 1 in Conjurations
  1942 | D:2      | Reached XP level 4. HP: 18/24 MP: 1/8
  2308 | D:2      | Found a faded altar of an unknown god.
  2846 | D:3      | Reached skill level 2 in Conjurations
  2846 | D:3      | Reached XP level 5. HP: 28/28 MP: 0/9
  2950 | D:3      | Reached skill level 2 in Evocations
  3082 | D:3      | Noticed Jessica
  3089 | D:3      | Killed Jessica
  3222 | D:1      | Reached skill level 3 in Conjurations
  3936 | D:3      | Noticed Natasha
  3943 | D:3      | Killed Natasha
  3944 | D:3      | Reached skill level 5 in Poison Magic
  4037 | D:3      | Found a runed translucent door.
  4038 | D:3      | Noticed Crazy Yiuf
  4832 | D:3      | Noticed Natasha
  4846 | D:3      | Killed Natasha
  4847 | D:3      | Reached XP level 6. HP: 29/32 MP: 0/10
  5322 | D:4      | Reached skill level 6 in Poison Magic
  5892 | D:4      | Gained mutation: Your magical flight helps you evade
                  | attacks. (EV +4) [Tengu growth]
  5892 | D:4      | Reached XP level 7. HP: 36/36 MP: 1/11
  6191 | D:5      | Entered Level 5 of the Dungeon
  6408 | D:5      | Reached skill level 3 in Air Magic
  6415 | D:5      | Learned a level 4 spell: Olgreb's Toxic Radiance
  6619 | D:5      | Reached skill level 3 in Evocations
  6807 | D:5      | Reached skill level 4 in Air Magic
  6891 | D:6      | Reached skill level 7 in Poison Magic
  7073 | D:6      | Reached skill level 5 in Air Magic
  7073 | D:6      | Reached XP level 8. HP: 29/41 MP: 7/12
  7096 | D:6      | Found a glowing drain.
  7121 | Sewer    | Entered a sewer
  7772 | Sewer    | Reached skill level 8 in Poison Magic
  7773 | Sewer    | Reached skill level 1 in Fighting
  8039 | D:6      | Reached skill level 2 in Fighting
  8162 | D:6      | Reached skill level 3 in Fighting
  8374 | D:6      | Noticed a yak
  8394 | D:6      | Killed a yak
  8395 | D:6      | Reached skill level 4 in Fighting
  8490 | D:6      | Noticed a yak
  8490 | D:6      | Noticed a yak
  8490 | D:6      | Noticed a yak
  8757 | D:5      | Reached skill level 5 in Fighting
  9011 | D:6      | Identified the +0 chain mail of Articulation {-Tele rElec
                  | Slay+3 Stlth+}
  9422 | D:6      | Reached XP level 9. HP: 47/54 MP: 13/13
  9456 | D:6      | Reached skill level 1 in Shields
  9472 | D:6      | Reached skill level 3 in Dodging
  9487 | D:6      | Reached skill level 2 in Shields
 10008 | D:6      | Reached skill level 4 in Dodging
 10232 | D:7      | Noticed a troll
 10253 | D:7      | Killed a troll
 10254 | D:7      | Reached skill level 3 in Shields
 10254 | D:7      | Reached skill level 9 in Poison Magic
 10547 | D:7      | Noticed Prince Ribbit
 10557 | D:7      | Killed Prince Ribbit
 10558 | D:7      | Reached skill level 5 in Dodging
 10558 | D:7      | Reached skill level 4 in Shields
 10831 | D:7      | Found a staircase to the Ecumenical Temple.
 10849 | Temple   | Entered the Ecumenical Temple
 10917 | Temple   | Became a worshipper of Vehumet
 10937 | D:7      | Found an iron altar of Okawaru.
 11045 | D:7      | Reached skill level 10 in Poison Magic
 11351 | D:8      | Reached XP level 10. HP: 55/59 MP: 7/14
 11535 | D:8      | Noticed Gastronok
 11615 | D:8      | Killed Gastronok
 11616 | D:8      | Reached skill level 5 in Stealth
 11616 | D:8      | Reached skill level 4 in Spellcasting
 11846 | D:8      | Found a transporter.
 11849 | D:8      | Noticed lunkers's ghost (journeyman MeWn)
 11872 | D:8      | Found a transporter.
 11990 | D:8      | Found a staircase to the Lair.
 12120 | D:8      | Noticed an elephant
 12153 | D:8      | Killed an elephant
 12154 | D:8      | Reached skill level 6 in Stealth
 12311 | D:9      | Reached skill level 6 in Dodging
 12372 | D:9      | Found a staircase to the Orcish Mines.
 12401 | D:9      | Noticed a two-headed ogre
 12409 | D:9      | Killed a two-headed ogre
 12410 | D:9      | Reached skill level 6 in Air Magic
 12410 | D:9      | Reached skill level 4 in Evocations
 12599 | D:9      | Found a runed translucent gate.
 12605 | D:9      | Found a runed translucent gate.
 12605 | D:9      | Found a runed translucent gate.
 12606 | D:9      | Noticed bahustanut's ghost (novice OpNe)
 12606 | D:9      | Noticed a kobold demonologist
 12690 | D:9      | Noticed a kobold demonologist
 12690 | D:9      | Noticed a kobold demonologist
 12691 | D:9      | Found a hide-covered altar of Uskayaw.
 12692 | D:9      | Found a shadowy altar of Dithmenos.
 12692 | D:9      | Found a glowing golden altar of the Shining One.
 12693 | D:9      | Found a shimmering altar of Xom.
 12721 | D:9      | Reached skill level 5 in Evocations
 12722 | D:9      | Reached skill level 1 in Staves
 12736 | D:9      | Reached * piety under Vehumet
 12736 | D:9      | Offered knowledge of Foxfire by Vehumet.
 12740 | D:9      | Reached skill level 2 in Staves
 12941 | D:9      | Found an ancient bone altar of Kikubaaqudgha.
 13174 | D:9      | Noticed a cyclops
 13200 | D:9      | Killed a cyclops
 13201 | D:9      | Reached skill level 3 in Staves
 13201 | D:9      | Reached skill level 4 in Conjurations
 13201 | D:9      | Reached XP level 11. HP: 63/63 MP: 2/18
 13407 | D:10     | Entered Level 10 of the Dungeon
 13543 | D:8      | Found a snail-covered altar of Cheibriados.
 13632 | D:8      | Reached skill level 5 in Conjurations
 14040 | Lair:1   | Entered Level 1 of the Lair of Beasts
 14067 | Lair:1   | Reached skill level 5 in Spellcasting
 14106 | D:8      | Reached skill level 6 in Spellcasting
 14275 | D:8      | Upgraded the game from 0.31-a0-833-gc15d34cb79 to
                  | 0.31-a0-836-g3ceb0a68c4
 14869 | Lair:1   | Reached skill level 7 in Dodging
 15176 | Lair:1   | Reached skill level 8 in Dodging
 15178 | Lair:1   | Offered knowledge of Sandblast by Vehumet.
 16233 | Lair:2   | Noticed Maggie
 16597 | Lair:2   | Noticed a dire elephant
 16601 | Lair:2   | Reached ** piety under Vehumet
 16602 | Lair:2   | Reached skill level 7 in Air Magic
 16752 | Lair:1   | Reached skill level 9 in Dodging
 16752 | Lair:1   | Reached XP level 12. HP: 68/68 MP: 12/22
 16840 | Lair:2   | Reached skill level 6 in Evocations
 16974 | Lair:1   | Slain by a dire elephant

Vanquished Creatures
  Gastronok (D:8)
  A two-headed ogre (D:9)
  A cyclops (D:9)
  8 elephants
  A cane toad (D:8)
  A rime drake (Lair:2)
  3 komodo dragons
  A troll (D:7)
  7 blink frogs (Lair:1)
  Prince Ribbit (D:7)
  A spriggan (Lair:2)
  A wyvern (D:9)
  11 yaks
  2 basilisks
  2 water moccasins
  2 orc warriors (D:7)
  An ice beast (D:6)
  A black bear (D:8)
  2 ogres
  2 phantoms
  3 centaurs
  2 kobold brigands
  A gnoll sergeant (D:9)
  9 bullfrogs
  7 scorpions
  6 killer bees (D:9)
  2 howler monkeys
  2 jellies
  5 orc priests
  4 hounds
  Jessica (D:3)
  An iguana (D:5)
  3 orc wizards
  Natasha (twice) (D:3)
  4 gnolls (D:9)
  13 adders
  4 river rats
  2 ufetubi
  2 worms
  3 dart slugs (D:2)
  22 orcs
  5 bats
  7 endoplasms
  7 giant cockroaches
  14 goblins
  9 hobgoblins
  23 kobolds
  23 ball pythons
  7 frilled lizards
  28 rats
271 creatures vanquished.

Table legend: (Time is in decaauts)
 A = Elapsed time spent in this place.
 B = Non-inter-level travel time spent in this place.
 C = Inter-level travel time spent in this place.
 D = Time resting spent in this place.
 E = Time spent auto-exploring this place.
 F = Levels seen in this place.
 G = Mean time per level.
                   A        B        C        D        E       F      G
               +--------+--------+--------+--------+--------+-----+--------+
         Total |  17062 |  16190 |    872 |   2730 |  10349 |  14 | 1218.7 |
       Dungeon |  13777 |  13063 |    714 |   1817 |   8943 |  10 | 1377.7 |
        Temple |     73 |     73 |      0 |      0 |     63 |   1 |   73.0 |
          Lair |   2359 |   2201 |    158 |    500 |   1112 |   2 | 1179.5 |
         Sewer |    851 |    851 |      0 |    413 |    231 |   1 |  851.0 |
               +--------+--------+--------+--------+--------+-----+--------+

Top non-repeatable levels by time:
     D:2: 2111 daAuts
     D:3: 1936 daAuts
  Lair:1: 1879 daAuts
     D:6: 1865 daAuts
     D:8: 1784 daAuts
     D:9: 1469 daAuts
     D:4: 1323 daAuts
     D:7: 1237 daAuts
     D:1: 1044 daAuts
     D:5: 994 daAuts
   Sewer: 851 daAuts
  Lair:2: 479 daAuts
  Temple: 73 daAuts
    D:10: 9 daAuts

Table legend:
 A = Non-vault XP
 B = Vault XP
 C = Vault XP percentage of total XP
 D = Non-vault monster count
 E = Vault monster count
 F = Vault count percentage of total count
                 A         B        C        D         E       F
            +---------+---------+-------+---------+---------+-------
      Total |   12675 |    6442 |  33.7 |     190 |      81 |  29.9
            +---------+---------+-------+---------+---------+-------
        D:1 |      30 |       0 |   0.0 |      18 |       0 |   0.0
        D:2 |      95 |      22 |  18.8 |      29 |       7 |  19.4
        D:3 |     152 |      78 |  33.9 |      17 |       8 |  32.0
        D:4 |     404 |       4 |   1.0 |      18 |       2 |  10.0
        D:5 |     384 |      45 |  10.5 |       9 |       2 |  18.2
        D:6 |    1596 |      20 |   1.2 |      19 |       6 |  24.0
        D:7 |    1243 |     255 |  17.0 |      20 |       1 |   4.8
        D:8 |    1363 |    2615 |  65.7 |      20 |       5 |  20.0
        D:9 |    1860 |     541 |  22.5 |      17 |       1 |   5.6
       D:10 |       1 |       0 |   0.0 |       1 |       0 |   0.0
     Lair:1 |    4740 |     983 |  17.2 |      19 |       2 |   9.5
     Lair:2 |     807 |    1595 |  66.4 |       3 |       4 |  57.1
      Sewer |       0 |     284 | 100.0 |       0 |      43 | 100.0
            +---------+---------+-------+---------+---------+-------

Levels and vault maps discovered:
D:1:      dpeg_arrival_refuge, layout_rooms
D:2:      minmay_recursive_quarters, layout_loops_corners,
          shapermc_ecumenical_altar_acropolis
D:3:      layout_loops_ring, lexackson_kobold_supper, uniq_natasha,
          uniq_jessica, uniq_crazy_yiuf_cottage
D:4:      layout_cave_pods, serial_forest, infiniplex_forest_clump_tiny,
          infiniplex_forest_end_1, infiniplex_forest_fountain,
          infiniplex_forest_clump_cross, infiniplex_forest_lined_room_,
          nicolae_shop_unique_rings, skrybe_limestone_x,
          minmay_fractal_squares_gapless_5
D:5:      layout_basic, grunt_ministairs_9, nicolae_figureground_pulse
D:6:      wander_river, layout_layer_cave, portal_sewer_entry_b
D:7:      layout_loops_cross, kennysheep_little_box, minmay_temple_entry_arrows,
          uniq_prince_ribbit1
D:8:      layout_loops_corners, lemuel_round_altar, david_lair_generic,
          gammafunk_ghost_stat_death, kennysheep_flooded_box, uniq_gastronok
D:9:      layout_cave_pools, mainiacjoe_overflow_brackets,
          chequers_temple_overflow_statue_of_worship, orc_0_dummy,
          gammafunk_ghost_nasty_kobolds, lightli_minifort
D:10:     layout_basic, nicolae_ru_great_annihilating_truth
Temple:   nicolae_temple_ecumenical_triangle
Lair:1:   layout_gridlike
Lair:2:   mu_elephants_graveyard, layout_cave_pods, serial_bayou_shore_b,
          uniq_maggie
